Map: Kairos Junction LE

Players

Clem

  • Race: Terran Terran
  • Spawn Location: 5:00

Future - Winner!

  • Race: Terran Terran
  • Spawn Location: 11:00

Event: 2019 WCS Summer

VOD

Have the link to the VOD?

Description

Time

  • Played on: July 12, 2019, 1:05 p.m.
  • Length: 10:06

All games in this series

Show
View Real Time Build Order
Export as new Build Order

Clem Terran 

Build Orders:  

Get SALT Encoding   

  12  0:00  SCV  
  13  0:13  SCV  
  14  0:16  Supply Depot  
  14  0:25  SCV  
  15  0:28  Refinery  
  15  0:38  SCV  
  16  0:44  Barracks  
  16  0:50  SCV  
  16  0:55  Refinery  
  17  1:02  SCV  
  18  1:14  SCV  
  19  1:30  Orbital Command  
  19  1:31  Reaper  
  20  1:37  Factory  
  20  1:49  Supply Depot  
  20  1:57  SCV  
  21  2:03  Reaper  
  22  2:09  SCV  
  23  2:21  SCV  
  23  2:22  Hellion  
  25  2:33  Command Center  
  25  2:36  SCV  
  25  2:44  Starport  
  25  2:49  Hellion  
  27  2:56  Barracks Tech Lab  
  27  2:58  SCV  
  27  3:01  Supply Depot  
  27  3:10  SCV  
  28  3:20  Cyclone  
  28  3:23  Starport Tech Lab, SCV  
  32  3:35  SCV  
  32  3:40  Barracks Reactor  
  32  3:41  Raven  
  35  3:47  Orbital Command, SCV  
  35  3:57  Cyclone  
  35  3:59  Refinery, SCV  
  39  4:11  SCV  
  39  4:15  SCV  
  41  4:22  Marine x2  
  41  4:23  SCV, Supply Depot  
  44  4:27  SCV  
  44  4:30  Raven  
  47  4:35  SCV  
  48  4:39  SCV  
  48  4:40  Marine x2  
  48  4:45  Siege Tank  
  54  4:48  SCV, Supply Depot  
  54  4:51  SCV  
  56  4:59  Marine x2  
  58  5:00  SCV  
  58  5:03  SCV  
  58  5:06  Command Center  
  60  5:11  Supply Depot  
  60  5:13  SCV  
  61  5:15  SCV  
  62  5:26  SCV  
  62  5:27  SCV  
  64  5:30  Viking  
  64  5:31  Viking  
  64  5:33  Supply Depot  
  64  5:34  Marine  
  69  5:38  SCV  
  69  5:40  SCV  
  70  5:45  Siege Tank  
  73  5:50  SCV  
  73  5:52  Marine  
  73  5:54  Stimpack, Supply Depot  
  75  6:01  Viking  
  77  6:05  Viking  
  77  6:08  SCV x2  
  81  6:12  Marine, Refinery  
  82  6:19  Siege Tank  
  82  6:21  Orbital Command  
  82  6:23  SCV x2  
  87  6:30  Marine  
  88  6:35  Viking, SCV  
  88  6:38  Viking  
  89  6:45  SCV  
  89  6:47  SCV  
  87  6:48  Marine  
  87  6:52  Siege Tank  
  78  6:57  SCV  
  78  6:58  SCV  
  70  7:03  Orbital Command  
  70  7:05  Marine, Viking, Engineering Bay x2  
  73  7:11  SCV x2  
  75  7:15  Barracks  
  75  7:16  Barracks  
  75  7:23  Marine, SCV  
  75  7:24  Viking  
  75  7:27  Siege Tank  
  75  7:29  SCV  
  83  7:31  SCV  
  84  7:37  Terran Infantry Weapons Level 1  
  84  7:38  Terran Infantry Armor Level 1  
  84  7:39  SCV  
  84  7:43  Viking  
  87  7:45  SCV  
  87  7:50  SCV  
  89  7:51  SCV, Supply Depot  
  89  7:52  Marine  
  89  7:56  Refinery  
  89  7:57  Refinery  
  91  7:59  Combat Shield  
  90  8:08  Barracks Reactor x2  
  90  8:10  SCV x3  
  90  8:11  Barracks  
  90  8:12  Supply Depot  
  92  8:13  Barracks  
  92  8:17  Siege Tank  
  92  8:18  Marine  
  96  8:22  SCV x2  
  96  8:23  Supply Depot  
  96  8:26  Marine x2  
  99  8:33  Starport Reactor  
  98  8:34  Command Center  
  98  8:36  Marine  
  98  8:37  SCV  
  98  8:38  SCV  
  98  8:39  Factory  
  101  8:44  Marine x2, SCV  
  101  8:48  Marine  
  104  8:49  Marine  
  104  8:51  SCV  
  104  8:54  Marine  
  107  8:56  Siege Tank  
  107  8:59  SCV  
  107  9:02  Marine x2  
  111  9:04  Barracks Reactor  
  111  9:05  Supply Depot  
  111  9:06  Marine  
  111  9:07  Marine  
  113  9:12  Marine  
  113  9:14  Barracks Reactor  
  113  9:17  Supply Depot x2  
  112  9:19  Marine x2  
  112  9:21  SCV x2  
  112  9:22  SCV  
  112  9:24  Marine  
  103  9:28  Siege Tank  
  103  9:29  Marine  
  98  9:32  Marine  
  98  9:33  SCV x2  
  98  9:34  SCV  
  98  9:37  Marine  
  103  9:41  Factory Tech Lab  
  103  9:48  Marine x4, Armory  
  103  9:51  SCV  
Show
View Real Time Build Order
Export as new Build Order

Future Terran - Winner!

Build Orders: Gas First Reaper Expand, Liberator Opening 

Get SALT Encoding   

  12  0:00  SCV  
  13  0:13  SCV  
  14  0:17  Supply Depot  
  14  0:25  SCV  
  15  0:29  Refinery  
  15  0:39  SCV  
  16  0:45  Barracks  
  16  0:51  SCV  
  17  1:03  SCV  
  18  1:15  SCV  
  19  1:32  Orbital Command, Reaper  
  20  1:49  Command Center  
  20  1:58  SCV  
  21  2:01  Factory  
  21  2:07  Barracks Reactor  
  21  2:10  SCV  
  21  2:14  Supply Depot  
  22  2:21  Refinery  
  22  2:22  SCV  
  23  2:35  SCV  
  24  2:47  SCV  
  24  2:50  Starport  
  25  2:53  Hellion x2  
  28  2:59  SCV  
  28  3:01  Orbital Command  
  29  3:13  Liberator  
  29  3:14  Hellion x2  
  29  3:15  SCV  
  29  3:18  Barracks Tech Lab  
  35  3:27  SCV x2  
  39  3:38  Hellion  
  39  3:39  Hellion  
  43  3:45  SCV x2, Supply Depot  
  43  3:56  Refinery  
  43  3:57  SCV  
  43  3:58  SCV  
  45  4:04  Marine  
  45  4:09  SCV  
  45  4:10  Factory Tech Lab, SCV  
  45  4:11  Marine, Supply Depot  
  45  4:15  Starport Tech Lab  
  47  4:22  Marine, SCV x2  
  50  4:24  Raven  
  50  4:29  Marine  
  53  4:33  Siege Tank  
  53  4:34  SCV x2, Supply Depot  
  58  4:41  Marine  
  59  4:46  SCV x2  
  59  4:47  Marine  
  62  4:58  SCV x2  
  64  5:04  Refinery, Command Center  
  64  5:05  Siege Tank  
  64  5:07  Raven  
  67  5:10  SCV  
  67  5:11  Supply Depot  
  67  5:13  Marine x2, SCV  
  69  5:22  SCV  
  69  5:26  SCV  
  71  5:34  SCV  
  72  5:37  Siege Tank, Marine x2  
  72  5:38  Barracks x2, SCV  
  78  5:46  SCV  
  78  5:48  Engineering Bay  
  78  5:49  Engineering Bay  
  76  5:51  Raven  
  76  5:53  SCV  
  76  5:55  Marine x2  
  81  5:58  SCV  
  82  6:05  SCV  
  82  6:09  Siege Tank  
  82  6:10  Supply Depot  
  86  6:15  SCV  
  87  6:19  Marine x2  
  87  6:21  SCV  
  87  6:22  Orbital Command  
  90  6:26  Barracks Reactor x2  
  90  6:28  SCV  
  90  6:30  Barracks  
  88  6:33  Barracks  
  88  6:35  SCV  
  87  6:41  SCV  
  87  6:44  Siege Tank  
  81  6:47  SCV  
  81  6:50  SCV  
  81  6:53  SCV  
  75  6:56  Marine  
  75  6:57  Viking x2, Stimpack  
  75  6:59  SCV  
  71  7:04  Terran Infantry Weapons Level 1, Terran Infantry Armor Level 1  
  71  7:05  SCV  
  71  7:06  Refinery  
  71  7:07  Marine, SCV  
  71  7:08  Marine x3, Refinery  
  75  7:13  SCV  
  75  7:14  Marine  
  77  7:17  SCV  
  77  7:19  Barracks Reactor  
  77  7:20  Sensor Tower  
  77  7:21  SCV  
  77  7:22  Barracks Reactor  
  79  7:25  Siege Tank, SCV  
  79  7:26  Marine x3  
  79  7:27  Marine  
  87  7:31  SCV  
  87  7:32  Marine  
  87  7:33  SCV  
  87  7:34  Supply Depot  
  90  7:38  SCV, Medivac  
  90  7:42  Medivac  
  95  7:44  Marine x4  
  95  7:46  SCV  
  95  7:47  SCV  
  95  7:49  Marine  
  95  7:50  SCV  
  103  7:53  Supply Depot  
  103  7:54  Supply Depot  
  103  7:57  Marine x2  
  103  7:58  Siege Tank  
  108  8:01  Marine x2, SCV x2  
  108  8:03  Marine x2  
  108  8:05  Marine x2  
  113  8:07  Marine  
  113  8:10  Medivac  
  117  8:13  Supply Depot  
  117  8:15  Medivac  
  117  8:17  Armory  
  119  8:20  Marine  
  119  8:23  Marine x3  
  121  8:27  Marine x4  
  121  8:30  Siege Tank  
  121  8:31  Supply Depot  
  121  8:32  Supply Depot  
  128  8:39  Marine x2  
  128  8:41  Marine x3  
  131  8:45  Marine  
  134  8:50  Marine x3  
  134  8:52  Medivac  
  134  8:53  Medivac  
  141  8:57  Marine, Supply Depot  
  141  9:00  Marine x3  
  141  9:02  Siege Tank  
  148  9:07  Marine x3  
  148  9:08  Marine  
  152  9:14  Marine  
  152  9:15  Marine, Supply Depot  
  148  9:17  Supply Depot  
  148  9:18  Marine  
  148  9:20  Marine  
  148  9:21  Marine  
  149  9:24  Marine  
  149  9:25  Marine  
  149  9:26  Marine  
  149  9:30  Marine  
  153  9:34  Siege Tank  
  153  9:35  Marine, Medivac x2  
  153  9:36  Marine x2  
  153  9:38  Marine  
  163  9:39  Marine  
  163  9:43  Refinery  
Tags
 
Add a new tag
Caveats
  • Supply blocks, unpowered buildings, or Contaminate may cause inaccurate times.
  • Supply counts are checked every 10 seconds.